Map: Dédale EC

Players

HoldTheDoor - Winner!

  • Race: Protoss Protoss
  • League: Diamond
  • Spawn Location: 7:00

KINE

  • Race: Protoss Protoss
  • League: Diamond
  • Spawn Location: 1:00

VOD

Have the link to the VOD?

Description

Time

  • Played on: July 15, 2018, 11:19 a.m.
  • Length: 6:29
Show
View Real Time Build Order
Export as new Build Order

HoldTheDoor Protoss - Winner!

Build Orders:  

Get SALT Encoding   

  12  0:00  Probe  
  13  0:13  Probe  
  14  0:18  Pylon  
  14  0:25  Probe  
  15  0:34  Probe  
  15  0:36  Gateway  
  15  0:42  Probe  
  16  0:45  Assimilator  
  17  0:54  Assimilator, Probe  
  18  1:06  Probe  
  19  1:13  Gateway  
  19  1:18  Probe  
  20  1:32  Probe  
  21  1:44  Cybernetics Core  
  21  1:47  Probe  
  22  1:59  Probe  
  23  2:05  Pylon  
  23  2:11  Warp Gate  
  23  2:14  Pylon  
  23  2:23  Probe  
  23  2:24  Stalker  
  26  2:36  Stalker  
  28  2:52  Pylon  
  28  2:54  Stalker  
  30  3:02  Pylon  
  27  3:05  Stalker  
  32  3:17  Robotics Facility  
  32  3:28  Gateway  
  32  3:54  Immortal  
  32  4:08  Pylon  
  36  4:21  Stalker x2  
  36  4:24  Immortal  
  40  4:26  Stalker  
  36  5:28  Immortal  
  36  5:34  Stalker  
  36  5:35  Stalker x2  
  42  5:50  Pylon  
  36  6:14  Shield Battery  
  36  6:17  Stalker x3  
Show
View Real Time Build Order
Export as new Build Order

KINE Protoss 

Build Orders:  

Get SALT Encoding   

  12  0:00  Probe  
  13  0:13  Probe  
  14  0:17  Pylon  
  14  0:25  Probe  
  15  0:37  Probe  
  15  0:40  Gateway  
  16  0:44  Assimilator  
  16  0:49  Probe  
  17  0:59  Probe  
  18  1:07  Probe  
  18  1:11  Assimilator  
  18  1:15  Probe  
  18  1:18  Pylon  
  20  1:27  Probe  
  20  1:28  Pylon  
  20  1:39  Probe  
  21  1:40  Gateway  
  21  1:44  Cybernetics Core  
  21  1:47  Probe, Pylon  
  22  1:55  Probe  
  23  2:15  Nexus  
  23  2:17  Warp Gate  
  23  2:23  Stalker  
  25  2:30  Stalker  
  27  2:45  Pylon  
  27  2:53  Stalker  
  29  3:04  Probe  
  30  3:11  Gateway  
  30  3:16  Probe  
  31  3:35  Probe  
  31  3:36  Probe  
  31  3:37  Stalker x2  
  37  3:41  Gateway  
  37  3:48  Probe  
  38  3:56  Shield Battery  
  38  3:59  Shield Battery  
  38  4:10  Shield Battery  
  38  4:18  Probe x2  
  38  4:22  Pylon  
  40  4:26  Assimilator  
  40  4:30  Probe x2  
  42  4:36  Robotics Facility  
  42  4:42  Probe x2  
  44  4:49  Stalker x2  
  46  4:54  Probe  
  45  5:02  Stalker  
  45  5:03  Stalker  
  39  5:17  Stalker  
  30  5:29  Stalker x2  
  31  5:46  Stalker x2  
  31  6:02  Stalker x2  
  27  6:15  Stalker  
  27  6:16  Stalker  
Tags
 
Matchup
PvP
Spawn Locations
Cross Positions
Add a new tag
Caveats
  • Supply blocks, unpowered buildings, or Contaminate may cause inaccurate times.
  • Supply counts are checked every 10 seconds.